 Dungeon Crawl Stone Soup version 0.30.0-5-g1a98f26d00 (webtiles) character file.

Game seed: 9646573291254637518

22048 jasper the Grappler (level 12, -4/100 HPs)
             Began as a Demonspawn Cinder Acolyte on May 11, 2023.
             Was an Initiate of Ignis.
             Slain by a meliai
             ... wielding a +0 war axe
              (19 damage)
             ... on level 12 of the Dungeon.
             The game lasted 00:19:27 (9920 turns).

jasper the Grappler (Demonspawn Cinder Acolyte)     Turns: 9920, Time: 00:19:28

Health: -4/100     AC:  5    Str: 14    XL:     12   Next: 59%
Magic:  13/13      EV: 20    Int: 21    God:    Ignis [......]
Gold:   1721       SH:  6    Dex: 15    Spells: 11/13 levels left

rFire   + .          .
                       - Unarmed
rCold   . . .        i - +1 buckler
rNeg    . . .        W - +0 troll leather armour
rPois   .            t - +0 hat "Omimmaog" {Regen+ rCorr Int+2}
rElec   .            (no cloak)
rCorr   +            (no gloves)
SInv    .            I - +0 pair of boots
Will    .....        f - amulet of regeneration
Stlth   +++          d - +4 ring of slaying
HPRegen 2.76/turn    J - +5 ring of evasion
MPRegen 0.13/turn

%: no passive effects
@: no status effects
A: claws 1, thin skeletal structure 2, ignite blood 2, demonic magic 3
a: Renounce Religion, Rising Flame


You were on level 12 of the Dungeon.
You worshipped Ignis.
Ignis was noncommittal.
You visited 3 branches of the dungeon, and saw 15 of its levels.
You also visited: Sewer and Bailey.

You collected 1721 gold pieces.

Inventory:

Missiles
 g - a throwing net
 M - 16 boomerangs (quivered)
 N - 4 javelins
 T - 4 datura-tipped darts
 X - 9 curare-tipped darts
Armour
 i - a +1 buckler (worn)
 t - the +0 hat "Omimmaog" (worn) {Regen+ rCorr Int+2}
   (You acquired it on level 3 of the Dungeon)

   Int:       It affects your intelligence (+2).
   Regen:     It increases your rate of health regeneration.
   rCorr:     It protects you from acid and corrosion.
 E - +0 acid dragon scales
 I - a +0 pair of boots (worn)
 W - a +0 troll leather armour (worn)
 Y - the +0 helmet "Cummesch" {MP+9}
   (You found it on level 11 of the Dungeon)

   MP:        It affects your magic capacity (+9).
Jewellery
 d - a +4 ring of slaying (left claw)
 f - an amulet of regeneration (around neck)
 h - an amulet of magic regeneration
 r - an amulet of reflection
 C - a ring of resist corrosion
 G - a +6 ring of intelligence
 J - a +5 ring of evasion (right claw)
 Q - a ring of protection from cold
 U - a ring of wizardry
Wands
 a - a wand of charming (5)
 o - a wand of mindburst (11)
 O - a wand of roots (7)
Scrolls
 b - 2 scrolls of fog
 c - 4 scrolls of identify
 j - 5 scrolls of noise
 p - 4 scrolls of enchant weapon
 q - 4 scrolls of poison
 D - 3 scrolls of immolation
 H - 2 scrolls of teleportation
 K - 2 scrolls of fear
 L - a scroll of silence
 R - a scroll of vulnerability
 Z - a scroll of magic mapping
Potions
 e - 3 potions of attraction
 k - 4 potions of curing
 l - 2 potions of mutation
 m - 4 potions of magic
 s - 2 potions of brilliance
 u - a potion of ambrosia
 v - 2 potions of resistance
 w - a potion of haste
 x - 4 potions of heal wounds
 z - a potion of invisibility
 A - a potion of lignification {unknown}
 B - a potion of flight
 F - a potion of degeneration {unknown}
 P - 2 potions of might
Miscellaneous
 S - a lightning rod (inert)
 V - a tin of tremorstones (inert)


   Skills:
 + Level 11.3 Fighting
 + Level 8.1 Dodging
 - Level 4.5 Shields
 * Level 14.2 Unarmed Combat
 - Level 1.0 Spellcasting
 - Level 2.6 Fire Magic


You had 11 spell levels left.
You knew the following spells:

 Your Spells              Type           Power      Damage    Failure   Level
a - Blink                 Tloc           2%         N/A       38%         2

Your spell library contained the following spells:

 Spells                   Type           Power      Damage    Failure   Level
 Scorch                   Fire           24%        2d6       14%         2
 Magic Dart               Conj           4%         1d3       26%         1
 Sting                    Tmut/Pois      4%         1d3       26%         1
 Lesser Beckoning         Tloc           2%         N/A       38%         2
 Momentum Strike          Conj/Tloc      2%         3d8       38%         2
 Poisonous Vapours        Pois/Air       2%         N/A       38%         2
 Searing Ray              Conj           2%         2d4       38%         2
 Volatile Blastmotes      Fire/Tloc      12%        2d11      43%         3
 Call Canine Familiar     Summ           1%         N/A       63%         3
 Dazzling Flash           Conj/Hex       2%         N/A       63%         3
 Gell's Gravitas          Tloc           1%         N/A       63%         3
 Portal Projectile        Hex/Tloc       2%         N/A       63%         3
 Teleport Other           Tloc           1%         N/A       63%         3
 Fulminant Prism          Conj/Hex       0%         3d5       95%         4
 Iskenderun's Mystic Bla  Conj/Tloc      1%         2d3       95%         4
 Leda's Liquefaction      Hex/Erth       0%         N/A       95%         4
 Olgreb's Toxic Radiance  Pois           1%         N/A       95%         4
 Dispersal                Tloc           0%         N/A       100%        6
 Starburst                Conj/Fire      3%         6d3       100%        6


Dungeon Overview and Level Annotations

Branches:
Dungeon (13/15)            Temple (0/1) D:7            Lair (2/5) D:9
    Orc (1/2) D:9           Sewer (visited)          Bailey (visited)
  Swamp: Lair:2-3    Shoals: Lair:2-3     Snake: Lair:2-3    Spider: Lair:2-3
 Vaults: D:13-14

Altars:
Fedhas
Gozag
Hepliaklqana
Wu Jian


Innate Abilities, Weirdness & Mutations

You have sharp fingernails.
You have a moderately thin skeletal structure. (Dex +4, Stealth++)
Your demonic aura often causes spilled blood to erupt in flames.
Spells you cast and wands you use may paralyse nearby enemies.


Message History

The meliai calls upon its god to heal the meliai.
The meliai's wounds heal themselves!
The meliai closely misses you.
The meliai barely misses you. x2; The meliai closely misses you.
You regained 2 hp, and now have 64/100 hp.
You scratch the meliai but do no damage.
The meliai is heavily wounded.
The meliai barely misses you. x2; You block the meliai's attack.
The meliai completely misses you.
You regained 2 hp, and now have 66/100 hp.
You closely miss the meliai.
The meliai is heavily wounded.
You block the meliai's attack. x2; The meliai misses you.
The meliai completely misses you.
The meliai calls down the wrath of its god upon you.
Something smites you! The meliai closely misses you.
You block the meliai's attack.
You take 11 damage, and have 55/100 hp.
You scratch the meliai.
The meliai is severely wounded.
You block the meliai's attack. The meliai stings you.
The meliai hits you with a +0 war axe! The meliai stings you.
A two-headed ogre comes into view.
It is wielding a +0 giant spiked club and a +0 giant club.
You take 20 damage, and have 35/100 hp.
You claw the meliai!
You kill the meliai!
The meliai completely misses you. The meliai barely misses you.
The meliai misses you. The meliai closely misses you.
You regained 2 hp, and now have 37/100 hp.
The meliai hits you with a +0 war axe! You block the meliai's attack.
The meliai hits you with a +0 war axe!!
* * * LOW HITPOINT WARNING * * *
The meliai stings you.
* * * LOW HITPOINT WARNING * * *
You climb upwards.
There is a stone staircase leading down, spattered with blood here.
You take 24 damage, and have 13/100 hp.
MASSIVE DAMAGE!!
You claw the meliai!
The meliai is severely wounded.
The meliai hits you with a +0 war axe!!
You die...

..#.# #.###### #..#.# .##.# #.#
#######.[#.### .##.# #.#
#......).#.##. .##.# #.#
#####.######..#.#. .##.# ##.#
#.......# #.###.. .##.##
#..####.###.#.# ##..#.#. .)...#
#.###.......#.###....##.
.##..#####.###.#[##..#.##~≈~≈~≈~~
..#..##........#@##.##.#≈≈≈≈≈≈≈≈≈
..#..##.#####..#y##.##.≈≈≈######≈
.....##.# #..#.......~≈### ##
........# #..####^###~≈## #
.....##.# #.## #.##.~≈# #
..##.##.#####.# #....~≈# #
...#..........#####.#..~≈# #
##.#######.#...).......≈≈## #
##.# #.............~≈≈######≈


You could see a meliai.

Vanquished Creatures
  Frances (D:12)
  Snorg (D:11)
  Erolcha (D:12)
  A centaur warrior (D:13)
  A two-headed ogre (D:12)
  An orc knight (Bailey)
  An ugly thing (D:12)
  4 gargoyles
  2 cane toads (Lair:1)
  An unseen horror (D:10)
  6 kobold demonologists
  A rime drake (Lair:2)
  4 komodo dragons
  2 meliai
  8 hornets
  2 trolls
  3 wraiths
  3 wyverns
  13 yaks
  3 shadows
  A basilisk (Lair:1)
  10 vampire mosquitoes
  3 acid dragons
  A water moccasin (Lair:1)
  Pargi (Sewer)
  5 orc warriors
  An ogre (D:5)
  A black bear (Lair:1)
  2 wolves
  11 centaurs
  9 kobold brigands
  3 bullfrogs
  2 scorpions (D:9)
  13 wights
  15 killer bees (D:9)
  An electric eel (D:12)
  9 howler monkeys
  4 hounds
  3 jellies
  5 orc priests
  2 iguanas
  A sleepcap (D:5)
  Natasha (twice) (D:4)
  11 orc wizards
  8 adders
  A shadow imp (D:8)
  A white imp (D:5)
  A worm (D:2)
  2 dart slugs
  25 orcs
  4 endoplasms
  2 giant cockroaches
  14 goblins
  4 hobgoblins
  17 kobolds
  4 quokkas
  8 ball pythons
  2 bats
  13 frilled lizards
  4 rats
285 creatures vanquished.

Vanquished Creatures (others)
  An orc wizard (D:8)
1 creature vanquished.

Grand Total: 286 creatures vanquished

Notes
Turn   | Place    | Note
-------+----------+-------------------------------------------
     0 | D:1      | jasper the Demonspawn Cinder Acolyte began the quest for
                  | the Orb.
     0 | D:1      | Reached XP level 1. HP: 18/18 MP: 2/2
   362 | D:1      | Reached skill level 3 in Unarmed Combat
   362 | D:1      | Gained mutation: Spells you cast may paralyse adjacent
                  | enemies. [demonic ancestry]
   362 | D:1      | Reached XP level 2. HP: 19/24 MP: 3/3
  1174 | D:2      | Reached XP level 3. HP: 17/29 MP: 4/4
  1590 | D:2      | Identified a scroll of acquirement
  1590 | D:2      | Acquired 570 gold pieces
  1653 | D:3      | Reached skill level 1 in Shields
  1653 | D:3      | Gained mutation: Spells you cast may paralyse nearby
                  | enemies. [demonic ancestry]
  1653 | D:3      | Reached XP level 4. HP: 35/35 MP: 5/5
  1691 | D:3      | Identified the +0 ring mail of the Moon {Harm}
  2120 | D:3      | Acquired the +0 hat "Omimmaog" {Regen+ rCorr Int+2}
  2217 | D:4      | Noticed Natasha
  2237 | D:4      | Killed Natasha
  2238 | D:4      | Reached skill level 4 in Unarmed Combat
  2292 | D:4      | Found a glowing drain.
  2307 | Sewer    | Entered a sewer
  2322 | Sewer    | Noticed Pargi
  2328 | Sewer    | Killed Pargi
  2329 | Sewer    | Gained mutation: You have a somewhat thin skeletal
                  | structure. (Dex +2, Stealth+) [demonic ancestry]
  2329 | Sewer    | Reached XP level 5. HP: 42/42 MP: 6/6
  2629 | D:4      | Found a hazy altar of Hepliaklqana.
  2678 | D:4      | Gained mutation: You have sharp fingernails. [demonic
                  | ancestry]
  2678 | D:4      | Reached XP level 6. HP: 18/48 MP: 7/7
  2797 | D:4      | Reached skill level 5 in Unarmed Combat
  3067 | D:4      | Noticed Natasha
  3077 | D:4      | Killed Natasha
  3267 | D:5      | Entered Level 5 of the Dungeon
  3408 | D:5      | Gained mutation: You have a moderately thin skeletal
                  | structure. (Dex +4, Stealth++) [demonic ancestry]
  3408 | D:5      | Reached XP level 7. HP: 55/55 MP: 8/8
  3468 | D:5      | You fall into a shaft and drop 2 floors!
  3483 | D:7      | Reached skill level 5 in Fighting
  3487 | D:7      | Reached skill level 6 in Unarmed Combat
  3634 | D:7      | Found a staircase to the Ecumenical Temple.
  3693 | D:7      | Found a blossoming altar of Fedhas.
  3735 | D:7      | Reached XP level 8. HP: 28/63 MP: 9/9
  4236 | D:7      | Learned a level 2 spell: Blink
  4338 | D:8      | Noticed a gargoyle
  4461 | D:8      | Reached skill level 7 in Unarmed Combat
  4916 | D:8      | Noticed a hornet
  4926 | D:8      | Killed a hornet
  5023 | D:9      | Reached skill level 8 in Unarmed Combat
  5034 | D:9      | Gained mutation: Your demonic aura sometimes causes spilled
                  | blood to erupt in flames. [demonic ancestry]
  5034 | D:9      | Reached XP level 9. HP: 64/71 MP: 10/10
  5079 | D:9      | Reached skill level 1 in Dodging
  5154 | D:9      | Found an opulent altar of Gozag.
  5214 | D:9      | Reached skill level 9 in Unarmed Combat
  5351 | D:9      | Found a staircase to the Orcish Mines.
  5696 | D:9      | Found a staircase to the Lair.
  5731 | D:9      | Reached skill level 10 in Unarmed Combat
  5913 | D:9      | Gained mutation: Spells you cast and wands you use may
                  | paralyse nearby enemies. [demonic ancestry]
  5913 | D:9      | Reached XP level 10. HP: 75/80 MP: 11/11
  6112 | Orc:1    | Entered Level 1 of the Orcish Mines
  6142 | D:10     | Entered Level 10 of the Dungeon
  6142 | D:10     | Found an ornate altar of the Wu Jian Council.
  6278 | D:10     | Noticed a gargoyle
  6289 | D:10     | Killed a gargoyle
  6296 | D:10     | Found a flagged portal.
  6317 | Bailey   | Entered a bailey
  6345 | Bailey   | Noticed an orc knight
  6364 | Bailey   | Killed an orc knight
  6377 | Bailey   | Reached skill level 11 in Unarmed Combat
  6425 | Bailey   | Found a burning altar of Makhleb.
  6914 | D:10     | Reached skill level 5 in Dodging
  7178 | D:11     | Noticed Snorg
  7233 | Lair:1   | Entered Level 1 of the Lair of Beasts
  7288 | Lair:1   | Noticed a cane toad
  7297 | Lair:1   | Killed a cane toad
  7298 | Lair:1   | Reached XP level 11. HP: 44/89 MP: 12/12
  7651 | Lair:1   | Paralysed by a hornet for 1 turns
  7658 | Lair:1   | Reached skill level 12 in Unarmed Combat
  7686 | Lair:1   | Paralysed by a hornet for 2 turns
  7946 | Lair:1   | Found a dark tunnel.
  8092 | Lair:2   | Noticed a skyshark
  8216 | Lair:2   | Noticed a death yak
  8350 | D:11     | Killed Snorg
  8351 | D:11     | Reached skill level 10 in Fighting
  8521 | D:11     | Identified the +0 helmet "Cummesch" {MP+9}
  8577 | D:11     | Reached skill level 13 in Unarmed Combat
  8918 | D:12     | Noticed a soul eater
  8978 | D:12     | Gained mutation: Your demonic aura often causes spilled
                  | blood to erupt in flames. [demonic ancestry]
  8978 | D:12     | Reached XP level 12. HP: 98/98 MP: 13/13
  9129 | D:12     | Noticed Frances
  9144 | D:12     | Killed Frances
  9178 | D:12     | Noticed Erolcha
  9188 | D:12     | Killed Erolcha
  9440 | D:12     | Noticed a two-headed ogre
  9455 | D:12     | Killed a two-headed ogre
  9802 | D:13     | Reached skill level 14 in Unarmed Combat
  9804 | D:13     | Noticed a centaur warrior
  9814 | D:13     | Killed a centaur warrior
  9916 | D:13     | Noticed a two-headed ogre
  9920 | D:12     | Slain by a meliai

Illustrated notes

Levels and vault maps discovered:
D:1:      scummos_arrival_checkerplants, layout_basic
D:2:      cheibrodos_helix_gallery, layout_basic
D:3:      layout_rooms, elyvilon_altar_1
D:4:      layout_gridville, mainiacjoe_overflow_tiny_flanked,
          portal_sewer_entry_a, uniq_natasha
D:5:      layout_cave_pools
D:7:      layout_basic, nicolae_overflow_hidden_temple, minmay_temple_entry_mist
D:8:      layout_rooms, nrook_uturn
D:9:      layout_cave_pods, nicolae_gozag_cash_rules_everything_around_me,
          grunt_lair_entry_orc_guard_hut, orc_0_dummy, eino_jars
D:10:     layout_roguey, mainiacjoe_overflow_boulevard, enter_bailey_4
D:11:     layout_cave_pools, uniq_snorg
D:12:     layout_loops_ring, minmay_misc_feat_iff, hive_lemuel, uniq_erolcha,
          uniq_frances
D:13:     layout_cave_pools, erik_vaults_2, serial_column_ruins,
          column_ruins_hut_water, column_ruins_hut_ruined,
          column_ruins_open_large, column_ruins_columns_straight,
          column_ruins_columns_straight, column_ruins_open_medium
Lair:1:   layout_chaotic_city, lightli_volcano_entry_magma_tube,
          dreamdust_wasp_nest
Lair:2:   layout_layer_cave, swamp_mist, infiniplex_staircase_pool_2,
          lemuel_fruit_tree, uniq_gastronok
Orc:1:    layout_caves

Skill      XL: |  1  2  3  4  5  6  7  8  9 10 11 12 |
---------------+-------------------------------------+-----
Unarmed Combat | 3 4 5 6 8 10 11 13 14 | 14.2
Shields        | 1 2 3 4 |  4.5
Fighting       | 4 5 6 8 9 10 11 | 11.3
Dodging        | 3 5 7 8 |  8.1
Spellcasting   | |  1.0
Fire Magic     | |  2.6

Action                     |  1- 3 |  4- 6 |  7- 9 | 10-12 || total
---------------------------+-------+-------+-------+-------++-------
  Melee: Unarmed           |   171 |   147 |   295 |   461 ||  1074
         Punch             |     1 |       |       |       ||     1
  Throw: Boomerang         |       |       |    16 |    26 ||    42
 Invoke: Fiery Armour      |     1 |     4 |     5 |     3 ||    13
  Evoke: Wand              |       |     2 |     4 |     6 ||    12
         Tin of tremorston |       |       |       |     5 ||     5
         Lightning rod     |       |       |       |    11 ||    11
    Use: Scroll            |     5 |    11 |     4 |    10 ||    30
         Potion            |       |       |       |     2 ||     2
   Stab: Sleeping          |       |     1 |     7 |     5 ||    13
         Paralysed         |       |       |       |     1 ||     1
 Armour: Robe              |    27 |    26 |       |       ||    53
         Leather armour    |       |    15 |    72 |    49 ||   136
         Troll leather arm |       |       |       |    66 ||    66
  Dodge: Dodged            |    91 |    70 |   196 |   512 ||   869
  Block: Buckler           |    19 |    18 |    71 |   164 ||   272
